Unix NetHack Version 5.0.0-0 post-release - last build May  4 2026 22:22:43 (774f63e81ad911689b3a0859ea89b322d5daca8d,branch:main).

Game began 2026-05-09 23:56:07, ended 2026-05-10 00:03:32.

Eesui, chaotic male human Rogue

                         ---
                        --.
                       --..
                      --...
                      |....-
                       ....|
                        -..-------
                        --..G....-
                       --)..----
                       |.)).| ---
                      --.@..--..--
                      |).........|
                      --..)d.....--
                      --.<........|
                      |...........|
                      --..#.....---
                       ---|....--
                          --..--
                           |..|
                           ----
Eesui the Cutpurse      St:18 Dx:18 Co:13 In:11 Wi:8 Ch:8  Chaotic
Dlvl:3  $:0  HP:0(31) Pw:15(15) AC:3  Xp:4/148 T:1601 

Latest messages:
 You destroy the manes!
 The little dog misses the gnome lord.
 The gnome lord wields a broad short sword!
 The little dog misses the gnome lord.
 The gnome lord thrusts his broad short sword.
 The gnome lord hits!
 The little dog misses the gnome lord.
 You miss the gnome lord.
 You miss the gnome lord.
 The little dog misses the gnome lord.
 You hit the gnome lord.
 You miss the gnome lord.
 The little dog bites the gnome lord.
 The gnome lord thrusts his broad short sword at the little dog.
 The gnome lord misses the little dog.
 The gnome lord thrusts his broad short sword.
 The gnome lord hits!
 The little dog bites the gnome lord.
 The little dog bites the gnome lord.
 The gnome lord is killed!
 Your little dog eats a gnome lord corpse.
 The dwarf throws a dagger!
 You are hit by a dagger.
 You learn more about your items by comparing them.
 g - a +0 dagger (at the ready) (9 in total).
 In what direction?
 The dagger hits the dwarf!
 The gnome drinks a dark potion!
 The gnome is suddenly moving faster.
 In what direction?
 You kill the dwarf!
 In what direction?
 The dagger hits the gnome!
 The gnome picks up 2 +0 daggers.
 In what direction?
 You throw 2 daggers.
 The 1st dagger hits the gnome!
 You kill the gnome!
 g - a +0 dagger (at the ready) (5 in total).
 g - 2 +0 daggers (at the ready) (7 in total).
 There is a dwarf corpse here; eat it? [ynq] (n)
 This dwarf corpse tastes okay.
 The gnome shoots 2 crossbow bolts!
 You are hit by the 1st crossbow bolt!
 You stop eating the dwarf corpse.
 You are hit by the 2nd crossbow bolt.
 You die...
 Do you want your possessions identified? [ynq] (y)
 Do you want to see your attributes? [ynq] (y)
 Do you want an account of creatures vanquished? [ynaq] (y)

Inventory:
 Amulets  ('"')
  z - an uncursed amulet of ESP (being worn)
 Weapons  (')')
  b - a +0 dagger (wielded in left hand)
  g - 7 +0 daggers (at the ready)
  j - a greased +0 orcish dagger
  m - a +0 orcish dagger
  a - a +0 short sword (wielded in right hand)
 Armor    ('[')
  E - an uncursed +0 dwarvish iron helm (being worn)
  F - an uncursed +0 pair of iron shoes (being worn)
  G - an uncursed +0 dwarvish cloak (being worn)
  c - an uncursed +1 leather armor (being worn)
 Comestibles  ('%')
  o - 2 uncursed food rations
  w - an uncursed melon
  v - 2 uncursed lichen corpses
 Wands    ('/')
  C - a wand of light (0:11)
 Tools    ('(')
  f - an uncursed sack containing 13 items
  e - an uncursed lock pick
  x - an uncursed tin whistle
  y - an uncursed tin whistle
 Gems/Stones  ('*')
  H - 2 uncursed worthless pieces of black glass
  D - 3 uncursed flint stones

Contents of the sack:
  76 gold pieces
  an uncursed scroll of amnesia
  an uncursed scroll of create monster
  a blessed scroll of identify
  2 uncursed scrolls of identify
  an uncursed scroll of teleportation
  an uncursed spellbook of healing
  an uncursed potion of healing
  an uncursed potion of oil
  an uncursed potion of sickness
  an uncursed potion of speed
  an uncursed potion of water
  a cursed ring of hunger

Eesui the Rogue's attributes:

Background:
 You were a Cutpurse, a level 4 male human Rogue.
 You were chaotic, on a mission for Kos
 who was opposed by Issek (lawful) and Mog (neutral).
 You were right-handed.
 You were in the Gnomish Mines, on level 3.
 You entered the dungeon 1601 turns ago.
 It was the midnight hour.
 You had 148 experience points, 12 more were needed to attain level 5.

Basics:
 You had 0 out of 31 hit points.
 You had all 15 energy points (spell power).
 Your armor class was 3.
 Your wallet was empty, but
 you had 76 zorkmids stashed away in your pack.
 Autopickup was on for '$?!/=+"' plus thrown.

Final Characteristics:
 Your strength was 18 (limit:18/100).
 Your dexterity was 18 (limit:18).
 Your constitution was 13 (limit:18).
 Your intelligence was 11 (limit:18).
 Your wisdom was 8 (limit:18).
 Your charisma was 8 (limit:18).

Final Status:
 You weren't hungry.
 You were unencumbered.
 You were wielding two weapons at once.
 You had basic skill with short sword and two weapons.
 You also had basic skill with dagger and two weapons.

Final Attributes:
 You were devoutly aligned.
 Your items were somewhat protected from fire.
 Your items were somewhat protected from cold.
 You were telepathic.
 You were stealthy.
 You were warded.
 You are dead.

Miscellaneous:
 You disabled loading and storing of bones levels.
 Total elapsed playing time was 7 minutes and 24 seconds.

Major events:
 Turn
    1: Eesui the chaotic male human Rogue entered the dungeon
  574: entered the Gnomish Mines
  796: read a Discworld novel
  796: attained the rank of Cutpurse (level 3)
 1601: killed by a crossbow bolt

You didn't know any spells.

Skills:
 Fighting Skills
   bare handed combat [Unskilled]
   two weapon combat  [Basic]
   riding             [Unskilled]
 Weapon Skills
   dagger             [Basic]
   knife              [Unskilled]
   short sword        [Basic]
   broadsword         [Unskilled]
   long sword         [Unskilled]
   two-handed sword   [Unskilled]
   saber              [Unskilled]
   club               [Unskilled]
   mace               [Unskilled]
   morning star       [Unskilled]
   flail              [Unskilled]
   hammer             [Unskilled]
   polearms           [Unskilled]
   spear              [Unskilled]
   crossbow           [Unskilled]
   dart               [Unskilled]
   shuriken           [Unskilled]
 Spellcasting Skills
   divination spells  [Unskilled]
   escape spells      [Unskilled]
   matter spells      [Unskilled]

Voluntary challenges:
 Character rerolling was not enabled.
 You never genocided any monsters.
 You never polymorphed an object.
 You never changed form.
 You used no wishes.
Achievements:
 You entered a shop.
 You entered the Gnomish Mines.
 You read from a Discworld novel.
 You attained the rank of Cutpurse.

 The Dungeons of Doom: levels 1 to 3
    Level 1:
       An altar, some fountains.
    Level 2:
       A scroll shop, some altars.
       Stairs down to The Gnomish Mines.
    Level 3:
       A fountain.
 The Gnomish Mines:
    Level 3: <- You were here.
       Final resting place for
          you, killed by a crossbow bolt.


Vanquished creatures:
  2 gnome leaders
  2 dwarves
 an iguana
  a coyote
  2 manes
  a cave spider
  5 gnomes
  a gecko
  6 jackals
  2 foxes
  a kobold
  2 goblins
  3 grid bugs
  3 lichens
  2 newts
34 creatures vanquished.

No species were genocided or became extinct.

Game over:
                       ----------
                      /          \
                     /    REST    \
                    /      IN      \
                   /     PEACE      \
                  /                  \
                  |      Eesui       |
                  |      76 Au       |
                  |   killed by a    |
                  |  crossbow bolt   |
                  |                  |
                  |                  |
                  |       2026       |
                 *|     *  *  *      | *
        _________)/\\_//(\/(/\)/\//\/|_)_______

Goodbye Eesui the Rogue...

You died in The Gnomish Mines on dungeon level 3 with 771 points,
and 76 pieces of gold, after 1601 moves.
You were level 4 with a maximum of 31 hit points when you died.

